 Dungeon Crawl Stone Soup version 0.28.0 (webtiles) character file.

Game seed: 7631617852077773285

86 croobank the Caller (level 4, -1/32 HPs)
             Began as a Gnoll Summoner on Feb 16, 2022.
             Slain by an adder (2 damage)
             ... on level 2 of the Dungeon.
             The game lasted 00:08:49 (1974 turns).

croobank the Caller (Gnoll Summoner)                Turns: 1974, Time: 00:08:50

Health: -1/32      AC:  3    Str:  7    XL:     4   Next: 49%
Magic:  13/20      EV: 17    Int: 17    God:
Gold:   86         SH:  0    Dex: 12    Spells: 4/13 levels left

rFire   . . .      SeeInvis .   d - +0 whip
rCold   . . .      Faith    .   (no shield)
rNeg    . . .      Spirit   .   a - +1 robe
rPois   .          Reflect  .   (no helmet)
rElec   .          Harm     .   (no cloak)
rCorr   .          Rampage  .   (no gloves)
Will    .....                   (no boots)
Stlth   ++........              (no amulet)
HPRegen 0.10/turn               e - +4 ring of evasion
MPRegen 0.17/turn               h - ring of magical power

@: brilliant, weak-willed
A: fangs 1, strong nose, distributed training
a: no special abilities


You were on level 2 of the Dungeon.
You visited 1 branch of the dungeon, and saw 2 of its levels.

You collected 86 gold pieces.

Inventory:

Hand Weapons
 d - a +0 whip (weapon)
 l - a +0 glaive
Missiles
 b - 30 stones
 k - 16 sling bullets
Armour
 a - a +1 robe (worn)
Jewellery
 e - a +4 ring of evasion (left hand)
 h - a ring of magical power (right hand)
Potions
 c - 2 potions of ambrosia
 g - 3 potions of cancellation
 i - a potion of brilliance
 j - a potion of might {unknown}


   Skills:
 + Level 1.1 Fighting
 + Level 1.1 Short Blades
 + Level 1.1 Long Blades
 + Level 1.1 Axes
 + Level 1.1 Maces & Flails
 + Level 1.1 Polearms
 + Level 1.1 Staves
 + Level 1.1 Slings
 + Level 1.1 Bows
 + Level 1.1 Crossbows
 + Level 1.1 Throwing
 + Level 1.1 Armour
 + Level 4.6 Dodging
 + Level 4.2 Stealth
 + Level 1.1 Shields
 + Level 1.1 Unarmed Combat
 + Level 5.1 Spellcasting
 + Level 0.9 Conjurations
 + Level 0.9 Hexes
 + Level 7.1 Summonings
 + Level 0.9 Necromancy
 + Level 0.9 Translocations
 + Level 0.9 Transmutations
 + Level 0.9 Fire Magic
 + Level 0.9 Ice Magic
 + Level 0.9 Air Magic
 + Level 0.9 Earth Magic
 + Level 0.9 Poison Magic
 + Level 1.2 Invocations
 + Level 1.1 Evocations


You had 4 spell levels left.
You knew the following spells:

 Your Spells              Type           Power      Damage    Failure   Level
a - Summon Small Mammal   Summ           100%       N/A       1%          1
b - Call Imp              Summ           43%        N/A       1%          2
c - Beastly Appendage     Tmut           22%        N/A       10%         1
d - Call Canine Familiar  Summ           43%        N/A       2%          3
e - Scorch                Fire           22%        2d6       14%         2

Your spell library contained the following spells:

 Spells                   Type           Power      Damage    Failure   Level
 Summon Guardian Golem    Hex/Summ       27%        N/A       9%          3
 Wereblood                Tmut           11%        N/A       14%         2
 Summon Lightning Spire   Summ/Air       27%        N/A       26%         4
 Spider Form              Tmut/Pois      11%        N/A       28%         3
 Flame Wave               Conj/Fire      11%        2d5       67%         4
 Summon Cactus Giant      Summ           21%        N/A       75%         6
 Orb of Destruction       Conj           5%         9d5       100%        7
 Spellforged Servitor     Conj/Summ      13%        N/A       100%        7


Dungeon Overview and Level Annotations

Branches:
Dungeon (2/15)

Altars:
Cheibriados

Annotations:
D:2 Crazy Yiuf


Innate Abilities, Weirdness & Mutations

You have very sharp teeth.
Your uncanny sense of smell can sniff out nearby items.
Your experience applies equally to all skills.


Message History

You are electrocuted!
Your quokka bites the fungus.
Your white imp barely misses the adder.
The adder misses you.
You closely miss the adder. Your bite misses the adder.
A nearby fungus withers and dies.
Your hound misses the adder. Crazy Yiuf closely misses you.
The adder bites you.
You are poisoned.
The adder poisons you!
Your white imp gestures at the adder.
The puff of frost misses the adder.
Your hound misses the adder. You hit the adder.
The adder is lightly wounded.
You feel sick. The adder barely misses you.
Your hound completely misses the adder.
Crazy Yiuf hits you with a +2 quarterstaff of chaos!
* * * LOW HITPOINT WARNING * * *
Crazy Yiuf freezes you.
* * * LOW HITPOINT WARNING * * *
Your white imp gestures at the adder.
The puff of frost hits the adder!
It was a potion of curing.
You feel better.
Your hound barely misses the adder.
The adder barely misses your white imp.
Your quokka misses the adder.
Crazy Yiuf says, "Mountain spinner alas!"
Crazy Yiuf hits you with a +2 quarterstaff of chaos!
* * * LOW HITPOINT WARNING * * *
Crazy Yiuf freezes you.
* * * LOW HITPOINT WARNING * * *
Your hound closely misses the adder.
Your white imp closely misses the adder.
The adder bites your white imp but does no damage.
Your quokka barely misses the adder.
As you read the scroll labelled OTWUTE VOIZASK, it crumbles to dust.
Magic quickly surges around you.
It was a scroll of vulnerability.
Your hound barely misses the adder.
Crazy Yiuf barely misses you. The adder barely misses you.
Your white imp completely misses the adder.
Your quokka closely misses the adder.
It was a potion of brilliance.
You feel clever all of a sudden.
Your hound misses the adder. The adder bites you.
You die...

...#...##### #...#
...........# ...
...##.###### #'# ...##.#
♣g♣♣ ...##.###### ♣♣h♣
...........# ♣.♣♣
#####.###### ♣♣.♣ #.##...#
♣♣g♣♣ #####.##...# ♣♣@5.♣
...........# ♣hSP.♣
#####......# ##.r##
####.......####....#
.....#.#.....##....# ###
......_............+ ..#
.....#.#)...###....#####.#
# .........####
#.......##.# .#
#####..######
#.......##.##.#


You could see Crazy Yiuf (weak-willed), an adder (weak-willed, ally target), a
friendly hound (summoned, weak-willed), a friendly white imp (summoned,
weak-willed) and a friendly quokka (summoned, weak-willed).

Vanquished Creatures
  An endoplasm (D:1)
  A hobgoblin (D:1)
  2 bats
  A frilled lizard (D:1)
  A goblin (D:1)
  A rat (D:1)
7 creatures vanquished.

Vanquished Creatures (collateral kills)
  A hound (D:2)
  An adder (D:2)
  3 dart slugs
  A ball python (D:1)
  5 endoplasms
  4 giant cockroaches
  5 goblins
  A hobgoblin (D:1)
  2 quokkas
  2 bats
  5 kobolds
  3 rats (D:1)
33 creatures vanquished.

Vanquished Creatures (others)
  A fungus (D:2)
1 creature vanquished.

Grand Total: 41 creatures vanquished

Notes
Turn   | Place    | Note
-------+----------+-------------------------------------------
     0 | D:1      | croobank the Gnoll Summoner began the quest for the Orb.
     0 | D:1      | Reached XP level 1. HP: 13/13 MP: 6/6
   182 | D:1      | Reached XP level 2. HP: 7/19 MP: 5/7
   185 | D:1      | Learned a level 2 spell: Call Imp
   701 | D:1      | Learned a level 1 spell: Beastly Appendage
   787 | D:1      | Reached XP level 3. HP: 25/25 MP: 6/9
   853 | D:1      | Reached skill level 5 in Spellcasting
  1231 | D:2      | Learned a level 3 spell: Call Canine Familiar
  1290 | D:2      | Found a snail-covered altar of Cheibriados.
  1409 | D:2      | Found a faded altar of an unknown god.
  1429 | D:2      | Learned a level 2 spell: Scorch
  1444 | D:2      | Reached skill level 1 in Invocations
  1471 | D:2      | Reached skill level 1 in Fighting
  1471 | D:2      | Reached skill level 1 in Short Blades
  1471 | D:2      | Reached skill level 1 in Long Blades
  1471 | D:2      | Reached skill level 1 in Axes
  1471 | D:2      | Reached skill level 1 in Maces & Flails
  1471 | D:2      | Reached skill level 1 in Polearms
  1471 | D:2      | Reached skill level 1 in Staves
  1471 | D:2      | Reached skill level 1 in Slings
  1471 | D:2      | Reached skill level 1 in Bows
  1471 | D:2      | Reached skill level 1 in Crossbows
  1471 | D:2      | Reached skill level 1 in Throwing
  1471 | D:2      | Reached skill level 1 in Armour
  1471 | D:2      | Reached skill level 1 in Shields
  1471 | D:2      | Reached skill level 1 in Unarmed Combat
  1471 | D:2      | Reached skill level 1 in Evocations
  1471 | D:2      | Reached XP level 4. HP: 23/32 MP: 11/11
  1954 | D:2      | Found a runed translucent door.
  1955 | D:2      | Noticed Crazy Yiuf
  1972 | D:2      | HP: 1/32 [Crazy Yiuf (1)]
  1974 | D:2      | Slain by an adder

Illustrated notes

Levels and vault maps discovered:
D:1:      lightli_arrival_noodles, layout_loops_ring, chequers_garden
D:2:      layout_basic, chequers_ecumenical_altar_simple, basic_altar,
          uniq_crazy_yiuf_cottage

Skill      XL: |  1  2  3 |
---------------+----------+-----
Spellcasting   | 5 |  5.1
Invocations    | 1 |  1.2
Fighting       | 1 |  1.1
Short Blades   | 1 |  1.1
Long Blades    | 1 |  1.1
Axes           | 1 |  1.1
Maces & Flails | 1 |  1.1
Polearms       | 1 |  1.1
Staves         | 1 |  1.1
Slings         | 1 |  1.1
Bows           | 1 |  1.1
Crossbows      | 1 |  1.1
Throwing       | 1 |  1.1
Armour         | 1 |  1.1
Shields        | 1 |  1.1
Unarmed Combat | 1 |  1.1
Evocations     | 1 |  1.1
Dodging        | |  4.6
Stealth        | |  4.2
Conjurations   | |  0.9
Hexes          | |  0.9
Summonings     | |  7.1
Necromancy     | |  0.9
Translocations | |  0.9
Transmutations | |  0.9
Fire Magic     | |  0.9
Ice Magic      | |  0.9
Air Magic      | |  0.9
Earth Magic    | |  0.9
Poison Magic   | |  0.9

Action                   |  1- 3 |  4- 6 || total
-------------------------+-------+-------++-------
Melee: Unarmed           |    12 |       ||    12
       Whip              |    28 |    13 ||    41
       Bite              |     2 |     2 ||     4
 Cast: Summon Small Mamm |    26 |     5 ||    31
       Call Imp          |     8 |     5 ||    13
       Call Canine Famil |     1 |     3 ||     4
  Use: Potion            |     1 |     2 ||     3
       Scroll            |       |     4 ||     4
 Stab: Sleeping          |     2 |       ||     2
       Distracted        |       |     2 ||     2
Armor: Robe              |    15 |       ||    15
Dodge: Dodged            |    39 |    18 ||    57
